 Dungeon Crawl Stone Soup version 0.14-a0-882-gdff4d47 (webtiles) character file.

28 Bloax the Chiller (level 1, 0/10 HPs)
             Began as a Deep Elf Ice Elementalist on Nov 16, 2013.
             Slain by a rat (3 damage)
             ... on Level 1 of the Dungeon.
             The game lasted 00:00:52 (91 turns).

Bloax the Chiller (Deep Elf Ice Elementalist)         Turns: 91, Time: 00:00:52

HP   0/10        AC  6     Str  5      XL: 1   Next: 41%
MP   2/4         EV  8     Int 19      God:
Gold 25          SH  0     Dex 15      Spells:  1 memorised,  2 levels left

Res.Fire  : . . .   See Invis. : .   e - +2,+0 whip
Res.Cold  : . . .   Warding    : .   g - +1 dwarf ring mail
Life Prot.: . . .   Conserve   : .   (no shield)
Res.Poison: .       Res.Corr.  : .   (no helmet)
Res.Elec. : .       Clarity    : .   (no cloak)
Sust.Abil.: . .     Spirit.Shd : .   (no gloves)
Res.Mut.  : .       Stasis     : .   (no boots)
Res.Rott. : .       Flight     : .   (no amulet)
Saprovore : . . .                    (no ring)
                                     (no ring)

@: not resistant to hostile enchantments, unstealthy
A: no striking features
a: no special abilities


You were on level 1 of the Dungeon.
You were not hungry.

You visited 1 branch of the dungeon, and saw 1 of its levels.

You collected 25 gold pieces.


   Skills:
 + Level 2.5 Dodging
 - Level 2.4 Stealth
 * Level 1.8 Spellcasting
   Level 1.1 Conjurations
 + Level 3.4 Ice Magic


You had 2 spell levels left.
You knew the following spells:

 Your Spells              Type           Power        Failure   Level  Hunger
a - Freeze                Ice            ##..         34%         1    #......


Dungeon Overview and Level Annotations

Branches:
Dungeon (1/16)

Altars:

Inventory:

Hand weapons
 e - a +2,+0 whip (weapon)
   (You found it on level 1 of the Dungeon)
Armour
 g - a +1 dwarven ring mail (worn)
   (You found it on level 1 of the Dungeon)
Comestibles
 c - a bread ration
Scrolls
 d - a scroll of remove curse {unknown}
Potions
 f - 2 potions of curing {unknown}
Books
 b - a book of Frost

   Spells                             Type                      Level
   *Freeze                            Ice                          1
   Throw Frost                        Conjuration/Ice              2
   Ozocubu's Armour                   Charms/Ice                   3
   Throw Icicle                       Conjuration/Ice              4
   Summon Ice Beast                   Ice/Summoning                4
   Condensation Shield                Ice                          4

... ... #........##
#########.........###
....................
........#..........####.
........#...............
......[.................
##.###..........r..).....
#........[.@..#
#....(........#
##.###.............#
.....................$.
##.###......##.....#...
#......##.....#...
#................
#......##..####.
#####..##.$..


You could see a rat.


Message History

Aiming: Freeze
Aim: a giant cockroach (heavily wounded, clinging)
You freeze the giant cockroach.
The giant cockroach is almost dead.
The giant cockroach barely misses you.
Unknown command.
The giant cockroach bites you.
* * * LOW HITPOINT WARNING * * *
You see here an emulsified black potion.
You hit the giant cockroach but do no damage.
The giant cockroach is almost dead.
The giant cockroach closely misses you.
You barely miss the giant cockroach.
The giant cockroach is severely wounded.
The giant cockroach misses you. The giant cockroach bites you.
* * * LOW HITPOINT WARNING * * *
Casting: Freeze
Aiming: Freeze
Aim: a giant cockroach (severely wounded, clinging)
You freeze the giant cockroach.
You kill the giant cockroach!
Unknown command.
f - an emulsified black potion
Found 8 gold pieces.
Found a robe.
Found a dwarven ring mail and 18 gold pieces.
f - 2 emulsified black potions (gained 1)
You now have 18 gold pieces (gained 8).
A kobold comes into view.
The kobold shouts!
The kobold throws a dart.
The dart misses you. The kobold completely misses you.
Unknown command.
Casting: Freeze
Aiming: Freeze
Aim: a kobold You freeze the kobold.
You kill the kobold!
Unknown command.
You see here a dwarven ring mail.
g - a dwarven ring mail Wear which item? (? for menu, Esc to quit)
You finish taking off your +0 elven robe.
You finish putting on your +1 dwarven ring mail.
Drop what? (_ for help) (? for menu, Esc to quit)
You drop a +0 elven robe.
Casting: Freeze
Okay, then.
You see here a +0 elven robe.
A bat comes into view.
Found a hand axe.
A rat comes into view.
The bat hits you but does no damage.
Casting: Freeze
Aiming: Freeze
Aim: a bat You freeze the bat.
The bat is moderately wounded.
The bat hits you but does no damage.
Unknown command.
Casting: Freeze
Aiming: Freeze
Aim: a bat (moderately wounded)
You freeze the bat.
You kill the bat!
Unknown command.
Found 7 gold pieces and a dwarven cloak.
You see here 7 gold pieces.
You now have 25 gold pieces (gained 7).
The rat bites you.
You die...

Action                   || total
-------------------------++-------
Melee: Whip              ||     4
 Cast: Freeze            ||     6

Vault maps used:
D:1:      dpeg_entry_chambers_temple_mockup

Notes
Turn   | Place    | Note
--------------------------------------------------------------
     0 | D:1      | Bloax, the Deep Elf Ice Elementalist, began the quest for the Orb.
     0 | D:1      | Reached XP level 1. HP: 10/10 MP: 4/4
     0 | D:1      | Bloax: https://dl.dropboxusercontent.com/u/63152810/FreezingWraith2.png
     0 | D:1      | Bloax: a bit more overpowered
    41 | D:1      | HP: 2/10 [giant cockroach (2)]
    56 | D:1      | 4tharraofdagon: smoothened edges?
    63 | D:1      | Bloax: yep
    91 | D:1      | Slain by a rat

Vanquished Creatures
  A giant cockroach (D:1)
  A kobold (D:1)
  A bat (D:1)
3 creatures vanquished.
